 Dungeon Crawl Stone Soup version 0.31-b1-17-gcfd88c8481 (webtiles) character file.

Game seed: 11984800554038310966

69 PaiMei the Grave Robber (level 4, 0/3 HPs)
             Began as a Demonspawn Necromancer on Jan 16, 2024.
             Slain by a quokka (3 damage)
             ... on level 3 of the Dungeon.
             The game lasted 00:03:48 (1906 turns).

PaiMei the Grave Robber (Demonspawn Necromancer)    Turns: 1906, Time: 00:03:48

Health: 0/3        AC: 12    Str:  8    XL:     4   Next: 2%
Magic:  7/7        EV: 12    Int: 17    God:
Gold:   111        SH:  0    Dex: 14    Spells: 0/8 levels left

rFire   x x .        (no weapon)
rCold   x x .        (no shield)
rNeg    . . .        a - melded +0 robe
rPois   +            f - +0 helmet
rElec   .            (no cloak)
rCorr   .            (no gloves)
SInv    .            d - +0 pair of boots
Will    .....        h - amulet of Elemental Vulnerability {rPois rF-- rC-- AC+8}
Stlth   ++           (no ring)
HPRegen 0.20/turn    (no ring)
MPRegen 0.10/turn

%: no passive effects
@: maw-form
A: devouring maw, reduced hp, icy blue scales 1
a: Begin Untransformation


You were on level 3 of the Dungeon.
You were a creature with a mouth for a stomach.
You visited 1 branch of the dungeon, and saw 3 of its levels.

You collected 111 gold pieces.

Inventory:

Armour
 a - a +0 robe (melded)
 d - a +0 pair of boots (worn)
 f - a +0 helmet (worn)
Jewellery
 h - the amulet of Elemental Vulnerability (around neck) {rPois rF-- rC-- AC+8}
   (You found it on level 2 of the Dungeon)

   [amulet of nothing]

   AC+8:      It affects your AC (+8).
   rF--:      It makes you very vulnerable to fire.
   rC--:      It makes you very vulnerable to cold.
   rPois:     It protects you from poison
Talismans
 m - a maw talisman (active)
Scrolls
 e - 2 scrolls of noise {unknown}
 g - 3 scrolls of identify {unknown}
 i - a scroll of torment {unknown}
 j - 2 scrolls of teleportation {unknown}
Potions
 b - a potion of magic
 c - a potion of mutation {unknown}
 k - a potion of curing {unknown}
 l - a potion of enlightenment {unknown}


   Skills:
 + Level 1.3 Fighting
 + Level 2.4 Dodging
 - Level 2.0 Stealth
 + Level 2.6 Spellcasting
 + Level 4.9 Necromancy


You couldn't memorise any spells.
You knew the following spells:

 Your Spells              Type           Power      Damage    Failure   Level
a - Necrotise             Necr           72%        1d7       2%          1
b - Vampiric Draining     Necr           18%        2d7       8%          3
c - Animate Dead          Necr           18%        N/A       24%         4

Your spell library contained the following spells:

 Spells                   Type           Power      Damage    Failure   Level
 Curse of Agony           Necr           18%        N/A       56%         5


Dungeon Overview and Level Annotations

Branches:
Dungeon (3/15)

Altars:


Innate Abilities, Weirdness & Mutations

You are a creature with a mouth for a stomach.
Your midsection houses a second, enormous mouth.
Your maximum health is decreased, since you lack skill for your form.
You are partially covered in icy blue scales. (AC +2)


Message History

Casting: Necrotise (safe; 2% risk of failure)
Confirm with . or Enter, or press ? or * to list all spells.
Aiming: Necrotise (safe; 2% risk of failure)
Press: ? - help, Shift-Dir - straight line, f/p - quokka
Aim: a quokka (moderately wounded, chance to affect: 88%)
The quokka writhes in agony.
You kill the quokka!
The dead are hopping!
Casting: Necrotise (safe; 2% risk of failure)
Confirm with . or Enter, or press ? or * to list all spells.
You can't see any susceptible monsters within range! (Use Z to cast anyway.) Magic restored.
You now have 111 gold pieces (gained 8).
A quokka comes into view.
You hit the quokka but do no damage. Your bite misses the quokka.
The quokka barely misses you.
You barely miss the quokka. You bite the quokka, but do no damage.
The quokka barely misses you. The quokka closely misses you.
You closely miss the quokka.
Your quokka skeleton crumbles into dust!
The quokka misses you.
You closely miss the quokka. The quokka closely misses you.
You hit the quokka. You bite the quokka, but do no damage.
The quokka is lightly wounded.
The quokka misses you.
You hit the quokka. Your bite misses the quokka.
The quokka is moderately wounded.
The quokka closely misses you.
You barely miss the quokka. You bite the quokka, but do no damage.
The quokka is moderately wounded.
The quokka misses you.
The quokka bites you but does no damage.
You closely miss the quokka. Your bite misses the quokka.
The quokka is lightly wounded.
The quokka bites you but does no damage.
You hit the quokka. Your bite misses the quokka.
The quokka is heavily wounded.
The quokka bites you.
Ouch! That really hurt!
You die...

#.# .......#
#.#####.....#
#<.........#
#.#####...##
#.# ##..# ..#
#..# #### #..#
########..#
......rW..#
########.......
#.####.# #.#
#.# #.# ..# .#


You could see a quokka.

Vanquished Creatures
  3 adders (D:2)
  A dart slug (D:1)
  3 endoplasms
  3 giant cockroaches (D:2)
  4 goblins
  4 hobgoblins
  3 quokkas
  5 ball pythons
  5 bats
  A frilled lizard (D:1)
  3 rats
35 creatures vanquished.

Vanquished Creatures (collateral kills)
  An endoplasm (D:1)
1 creature vanquished.

Grand Total: 36 creatures vanquished

Notes
Turn   | Place    | Note
-------+----------+-------------------------------------------
     0 | D:1      | PaiMei the Demonspawn Necromancer began the quest for the
                  | Orb.
     0 | D:1      | Reached XP level 1. HP: 13/13 MP: 3/3
    46 | D:1      | Found a faded altar of an unknown god.
   245 | D:1      | Gained mutation: You are partially covered in icy blue
                  | scales. (AC +2) [demonic ancestry]
   245 | D:1      | Reached XP level 2. HP: 19/19 MP: 3/5
   855 | D:2      | Found the amulet of Elemental Vulnerability {rPois rF--
                  | rC-- AC+8}
   878 | D:2      | Reached XP level 3. HP: 25/25 MP: 0/6
   882 | D:2      | Learned a level 3 spell: Vampiric Draining
   948 | D:2      | Reached skill level 1 in Fighting
  1673 | D:2      | Reached XP level 4. HP: 32/32 MP: 0/7
  1860 | D:3      | Learned a level 4 spell: Animate Dead
  1906 | D:3      | Slain by a quokka

Illustrated notes

Levels and vault maps discovered:
D:1:      scummos_arrival_simple_fountains, layout_rooms,
          basic_ecumenical_altar, hangedman_decor_peaks_small
D:2:      layout_loops_cross, serial_bayou, serial_bayou_pond_d,
          serial_bayou_ford_a, serial_bayou_pond_a, serial_bayou_shore_b
D:3:      minmay_spotlight, layout_loops_ring, serial_bayou_lake_a, uniq_grinder

Skill      XL: |  1  2  3 |
---------------+----------+-----
Stealth        | 2 |  2.0
Dodging        | 2 |  2.4
Fighting       | 1 |  1.3
Spellcasting   | |  2.6
Necromancy     | |  4.9

Action                     |  1- 3 |  4- 6 || total
---------------------------+-------+-------++-------
  Melee: Unarmed           |     3 |     9 ||    12
         Maw               |       |     3 ||     3
   Cast: Necrotise         |    74 |     2 ||    76
 Armour: Robe              |    19 |       ||    19
         Skin              |       |     3 ||     3
  Dodge: Dodged            |    20 |     8 ||    28
   Form: Maw               |       |     1 ||     1
